 Dungeon Crawl Stone Soup version 0.31.0-11-ge490571c62 (webtiles) character file.

Game seed: 6292600592610772555

43 SnakkuSnakku7 the Ducker (level 3, 0/27 HPs)
             Began as a Merfolk Air Elementalist on Jan 31, 2024.
             Slain by a gnoll
             ... wielding a +0 flail
             ... led by a gnoll bouda
              (9 damage)
             ... on level 1 of the Dungeon.
             The game lasted 00:02:47 (1074 turns).

SnakkuSnakku7 the Ducker (Merfolk Air Elementalist) Turns: 1074, Time: 00:02:47

Health: 0/27       AC:  5    Str: 10    XL:     3   Next: 58%
Magic:  6/6        EV: 12    Int: 14    God:
Gold:   48         SH:  0    Dex: 14    Spells: 5/6 levels left

rFire   . .          .
                       - Unarmed
rCold   . . .        (no shield)
rNeg    . . .        a - +0 robe
rPois   .            e - +2 helmet
rElec   .            (no cloak)
rCorr   .            (no gloves)
SInv    .            (no boots)
Will    .....        (no amulet)
Stlth   ++           (no ring)
HPRegen 0.24/turn    (no ring)
MPRegen 0.10/turn

%: no passive effects
@: no status effects
A: (nimble swimmer 2), mertail
a: no special abilities


You were on level 1 of the Dungeon.
You visited 1 branch of the dungeon, and saw 2 of its levels.

You collected 48 gold pieces.

Inventory:

Armour
 a - a +0 robe (worn)
 e - a +2 helmet (worn)
Scrolls
 d - 2 scrolls of enchant armour {unknown}
 h - a scroll of identify {unknown}
Potions
 b - a potion of magic
 c - a potion of invisibility {unknown}
 f - 2 potions of resistance {unknown}
 g - a potion of curing {unknown}


   Skills:
 + Level 2.3 Fighting
 - Level 2.6 Dodging
 - Level 2.1 Stealth
 + Level 2.2 Unarmed Combat
 - Level 2.0 Spellcasting
 - Level 0.7 Conjurations
 - Level 2.4 Air Magic


You had 5 spell levels left.
You knew the following spells:

 Your Spells              Type           Power      Damage    Failure   Level
a - Shock                 Conj/Air       20%        1d4       13%         1

Your spell library contained the following spells:

 Spells                   Type           Power      Damage    Failure   Level
 Static Discharge         Conj/Air       10%        3-4/arc   19%         2
 Swiftness                Air            8%         N/A       26%         3
 Airstrike                Air            4%         2d(1-17)  65%         4


Dungeon Overview and Level Annotations

Branches:
Dungeon (2/15)

Altars:

Shops:
D:2 =(

Annotations:
D:2 Robin


Innate Abilities, Weirdness & Mutations

((You are very nimble when in or above water. (Stealth+, EV+, Speed+++)))
Your lower body shifts to a powerful aquatic tail in water.


Message History

The goblin closely misses you. The goblin attacks as it pursues you!
The goblin closely misses you.
There is a stone staircase leading down here.
The goblin hits you with a +0 club.
You climb downwards.
Level annotation: Robin
Found a leather armour.
There is a stone staircase leading up here.
You barely miss the goblin. The goblin hits you with a +0 club.
You hit the goblin but do no damage. The goblin hits you but does no damage.
You barely miss the goblin. The goblin hits you but does no damage.
You hit the goblin. You punch the goblin, but do no damage.
The goblin is heavily wounded.
The goblin misses you.
You hit the goblin.
You kill the goblin!
Things that are here:
a +0 club; a +0 leather armour; a goblin corpse
Things that are here:
a +0 club; a +0 leather armour; a goblin corpse
There is a stone staircase leading up here.
You start resting.
HP restored.
You climb upwards.
The gnoll hits you with a +0 flail!
There is a stone staircase leading down here.
You hit the gnoll.
The gnoll is moderately wounded.
The gnoll hits you with a +0 flail.
You hit the gnoll.
The gnoll is heavily wounded.
The gnoll barely misses you.
You completely miss the gnoll.
The gnoll is heavily wounded.
The gnoll hits you with a +0 flail!
You are too injured to fight recklessly!
You are too injured to fight recklessly!
You hit the gnoll.
The gnoll is severely wounded.
The gnoll hits you with a +0 flail!
You die...

#####
#...###.##g#.#.#.#.#
#
#.#.#..(.#.#.#.#.#.#
#.#.#.#..#g#.#.#.#.#
#.#.#.#....#.#.#.#.#
#.....#.##.#.#.#...#
#.#...#.##.#.#.#####
#.#......#.#.#.#
#.#..#...#)#.#.#
#......g@#.#.#.#
##.............#
#########.###.#
#.....# #######


You could see a gnoll.

Vanquished Creatures
  A gnoll (D:1)
  2 dart slugs (D:2)
  An endoplasm (D:1)
  A giant cockroach (D:1)
  4 hobgoblins
  A kobold (D:1)
  3 ball pythons (D:1)
  4 bats
  A frilled lizard (D:1)
  7 goblins
  3 rats (D:1)
28 creatures vanquished.

Notes
Turn   | Place    | Note
-------+----------+-------------------------------------------
     0 | D:1      | SnakkuSnakku7 the Merfolk Air Elementalist began the quest
                  | for the Orb.
     0 | D:1      | Reached XP level 1. HP: 13/13 MP: 3/3
   189 | D:1      | Reached skill level 1 in Fighting
   189 | D:1      | Reached skill level 1 in Unarmed Combat
   189 | D:1      | Reached XP level 2. HP: 21/21 MP: 3/5
   754 | D:2      | Reached XP level 3. HP: 27/27 MP: 6/6
   791 | D:2      | Found Unauw's Antique Weapon Shop.
   796 | D:2      | Found Memi Jae's Jewellery Shop.
   836 | D:2      | Noticed Robin
  1074 | D:1      | Slain by a gnoll

Illustrated notes

Levels and vault maps discovered:
D:1:      heliophobic_arrival_dark_side_of_the_moon, layout_basic
D:2:      layout_basic, serial_shops, shop, shop, shop, nicolae_shop_stone,
          uniq_robin

Skill      XL: |  1  2  3 |
---------------+----------+-----
Fighting       | 1 2 |  2.3
Unarmed Combat | 1 2 |  2.2
Dodging        | |  2.6
Stealth        | |  2.1
Spellcasting   | |  2.0
Conjurations   | |  0.7
Air Magic      | |  2.4

Action                     || total
---------------------------++-------
  Melee: Unarmed           ||   144
         Punch             ||     2
   Cast: Shock             ||     9
   Stab: Sleeping          ||     3
 Armour: Robe              ||    82
  Dodge: Dodged            ||   109
